 Dungeon Crawl Stone Soup version 0.22-a0-301-gf0fe05caec (webtiles) character file.

22166 moggizx the Cleaver (level 12, -3/108 HPs)
             Began as a Minotaur Berserker on Mar 26, 2018.
             Was a High Priest of Trog.
             Slain by a tarantella (13 damage)
             ... on level 2 of the Lair of Beasts.
             The game lasted 01:44:07 (13590 turns).

moggizx the Cleaver (Minotaur Berserker)           Turns: 13590, Time: 01:44:07

Health: -3/108     AC: 15    Str: 24    XL:     12   Next: 60%
Magic:  3/3        EV:  7    Int:  9    God:    Trog [*****.]
Gold:   790        SH:  0    Dex: 13    Spells: 11/11 levels left

rFire    . . .     SeeInvis .   C - +1 battleaxe (antimagic)
rCold    . . .     Gourm    .   (shield currently unavailable)
rNeg     . . .     Faith    .   r - +1 chain mail
rPois    .         Spirit   .   (helmet restricted)
rElec    .         Reflect  .   (no cloak)
rCorr    .         Harm     .   q - +1 pair of gloves
MR       .....                  (no boots)
Stlth    ..........             (no amulet)
HPRegen  0.28/turn              (no ring)
MPRegen  0.08/turn              (no ring)

@: confused, brilliant, lethally poisoned (-3 -> -5), berserk cooldown, held,
slowed, very slow
A: retaliatory headbutt, horns 2
a: Berserk, Trog's Hand, Brothers in Arms, Renounce Religion


You were on level 2 of the Lair of Beasts.
You worshipped Trog.
Trog was extremely pleased with you.
You were not hungry.

You visited 4 branches of the dungeon, and saw 15 of its levels.
You also visited: Sewer.

You collected 790 gold pieces.

Inventory:

Hand Weapons
 b - a +2 scimitar of flaming
 t - a +1 war axe
 C - a +1 antimagic battleaxe (weapon)
Missiles
 o - 75 poisoned needles (quivered)
Armour
 q - a +1 pair of gloves (worn)
 r - a +1 chain mail (worn)
 v - a +2 shield of protection
 D - the +18 shield of the Gong {rElec rN+ MR+ EV-5}
   (You found it on level 6 of the Dungeon)

   It affects your evasion (-5).
   It insulates you from electricity.
   It protects you from negative energy.
   It affects your resistance to hostile enchantments.
Jewellery
 j - a +2 ring of protection {unknown}
 s - an uncursed amulet of rage
 A - a cursed ring of loudness {unknown}
 L - an uncursed ring of stealth {unknown}
 N - a +3 ring of intelligence
 Q - a cursed amulet of faith {unknown}
Wands
 f - a wand of iceblast (9)
 l - a wand of acid (17)
 p - a wand of flame (35)
 y - a wand of digging (23)
 I - a wand of polymorph (12)
 K - a wand of paralysis (9)
 P - a wand of random effects (17)
Scrolls
 d - 5 scrolls of remove curse
 e - 3 scrolls of fog
 i - 2 scrolls of enchant armour
 n - a scroll of random uselessness {unknown}
 E - a scroll of enchant weapon
 F - 2 scrolls of magic mapping {unknown}
 H - 2 scrolls of vulnerability
 R - a scroll of noise {unknown}
Potions
 g - 2 potions of flight
 k - 4 potions of magic
 m - 3 potions of agility
 u - 2 potions of resistance {unknown}
 w - 3 potions of haste
 x - a potion of brilliance
 z - a potion of might {unknown}
 G - a potion of invisibility {unknown}
 J - a potion of degeneration {unknown}
 S - a potion of lignification {unknown}
Miscellaneous
 T - a fan of gales
Comestibles
 c - 16 rations


   Skills:
 + Level 10.7 Fighting
 * Level 14.2 Axes
 + Level 10.5 Armour
 + Level 9.6 Dodging
 * Level 11.4 Shields


You had 11 spell levels left.
You didn't know any spells.

Dungeon Overview and Level Annotations

Branches:
Dungeon (11/15)            Temple (1/1) D:5            Lair (2/6) D:8
  Swamp (0/4) Lair:2       Spider (1/4) Lair:2          Orc (0/2) D:9

Altars:
Ashenzari
Cheibriados
Dithmenos
Elyvilon
Fedhas
Gozag
Hepliaklqana
Kikubaaqudgha
Makhleb
Nemelex Xobeh
Okawaru
Qazlal
Ru
Sif Muna
Trog
Uskayaw
Vehumet
Wu Jian
Xom
Yredelemnul
Zin
The Shining One

Shops:
D:4 (   D:6 [


Innate Abilities, Weirdness & Mutations

You reflexively headbutt those who attack you in melee.
You have a pair of horns on your head.


Message History

The jumping spider bites you but does no damage.
The tarantella bites you.
* * * LOW HITPOINT WARNING * * *
It was a potion of brilliance.
You feel clever all of a sudden.
You feel sick. The jumping spider pounces on you.
* * * LOW HITPOINT WARNING * * *
The jumping spider bites you but does no damage.
The tarantella bites you but does no damage.
The jumping spider pounces on you.
* * * LOW HITPOINT WARNING * * *
The jumping spider bites you.
* * * LOW HITPOINT WARNING * * *
The tarantella bites you but does no damage.
You bump into the rock wall.
You feel sick. The jumping spider pounces on you.
* * * LOW HITPOINT WARNING * * *
You are caught in a web!
The jumping spider bites you but does no damage.
The tarantella bites you!
You die...

.................................
.................................
.................................
.............##..................
............##^#.................
......^....^.^^##................
..............^^#................
........^##...^^#............#.#.
.......^##^^^..s@.............#..
.w#...###^^>^#...s.........#>....
###..###^^^^^^#..........###..#..
####..###^..^^##.........# ###...
.##..........^##.........# ###...
#####..........#........## #.....
## ##............#....### ###....
.###...................# #......
..##P####...........#.## ##.....


You could see a jumping spider and a tarantella.

Vanquished Creatures
  Harold (Lair:2)
  2 hydras
  Erica (D:9)
  A two-headed ogre (D:9)
  A tengu warrior (D:11)
  A manticore (D:11)
  Psyche (D:8)
  2 spiny frogs (Lair:1)
  2 komodo dragons (Lair:1)
  A demonic crawler (Lair:2)
  The ghost of aredel the Skirmisher, an amateur NaFi (D:5)
  2 trolls (D:10)
  2 tyrant leeches (Lair:2)
  Prince Ribbit (Lair:2)
  A polar bear (Lair:2)
  10 blink frogs
  2 hornets (D:10)
  2 hippogriffs
  12 redbacks
  A wyvern (D:5)
  7 yaks
  A basilisk (Lair:1)
  A hungry ghost (D:9)
  A swamp worm (Lair:2)
  2 porcupines
  3 water moccasins
  2 sky beasts
  2 orc warriors
  2 ice beasts
  A black bear (D:9)
  An eye of draining (D:9)
  5 ogres
  13 centaurs
  3 phantoms
  3 crocodiles
  4 big kobolds
  8 bullfrogs
  A gnoll sergeant (D:10)
  2 scorpions
  A troll zombie (D:9)
  8 killer bees
  5 howler monkeys
  9 wights
  A bullfrog zombie (D:7)
  4 crimson imps
  4 jellies
  7 hounds
  8 orc priests
  8 orc wizards
  2 centaur skeletons
  Natasha (twice) (D:2)
  Terence (D:2)
  7 iguanas
  13 worker ants
  7 ogre zombies (D:9)
  A hound zombie (D:10)
  A hound skeleton (D:11)
  2 worker ant zombies
  7 adders
  11 gnolls
  A shadow imp (D:5)
  2 adder skeletons
  2 adder zombies
  4 worms (D:4)
  2 dart slugs
  3 leopard geckos
  43 orcs
  6 ball pythons
  3 giant cockroaches
  10 hobgoblins
  27 jackals
  10 quokkas
  7 bats
  6 frilled lizards
  5 goblins
  A goblin skeleton (D:9)
  A goblin zombie (D:9)
  3 hobgoblin zombies (D:9)
  33 kobolds
  4 orc skeletons (D:9)
  16 orc zombies (D:9)
  A quokka skeleton (D:8)
  3 quokka zombies
  7 rats
  A fungus (D:8)
  5 plants
424 creatures vanquished.

Vanquished Creatures (collateral kills)
  A black mamba (Lair:2)
  5 blink frogs
  A hippogriff (Lair:2)
  5 yaks (Lair:2)
  A porcupine (Lair:2)
  A bullfrog (Lair:2)
14 creatures vanquished.

Vanquished Creatures (others)
  A fungus (Lair:2)
1 creature vanquished.

Grand Total: 439 creatures vanquished

Notes
Turn   | Place    | Note
-------+----------+-------------------------------------------
     0 | D:1      | moggizx the Minotaur Berserker began the quest for the Orb.
     0 | D:1      | Reached XP level 1. HP: 19/19 MP: 0/0
   231 | D:1      | Reached XP level 2. HP: 26/27 MP: 1/1
   242 | D:1      | Reached skill level 4 in Axes
   854 | D:2      | Reached XP level 3. HP: 33/33 MP: 2/2
  1011 | D:2      | Reached ** piety under Trog
  1302 | D:2      | Reached XP level 4. HP: 40/40 MP: 3/3
  1309 | D:2      | Noticed Natasha
  1315 | D:2      | Killed Natasha
  1417 | D:2      | Reached skill level 5 in Axes
  1539 | D:2      | Noticed Natasha
  1543 | D:2      | Killed Natasha
  1587 | D:2      | Noticed Terence
  1598 | D:2      | Killed Terence
  1598 | D:2      | Reached XP level 5. HP: 47/47 MP: 4/4
  1770 | D:3      | Found a basalt altar of Yredelemnul.
  1810 | D:3      | Reached *** piety under Trog
  1864 | D:3      | Found a hide-covered altar of Uskayaw.
  1876 | D:3      | Found a shadowy altar of Dithmenos.
  1942 | D:3      | Found a glowing silver altar of Zin.
  1967 | D:3      | Found a sparkling altar of Nemelex Xobeh.
  2396 | D:4      | Found Zereh's Antique Weapon Boutique.
  2403 | D:4      | Reached XP level 6. HP: 41/55 MP: 5/5
  2408 | D:4      | Reached skill level 6 in Axes
  2411 | D:4      | Reached skill level 5 in Fighting
  2632 | D:4      | Reached XP level 7. HP: 61/61 MP: 6/6
  2894 | D:4      | Found a glowing drain.
  2926 | Sewer    | Entered a sewer
  3292 | Sewer    | Reached **** piety under Trog
  3675 | D:4      | Reached skill level 7 in Axes
  4142 | D:5      | Entered Level 5 of the Dungeon
  4162 | D:5      | Noticed aredel's ghost (amateur NaFi)
  4175 | D:5      | Killed aredel's ghost
  4175 | D:5      | Reached skill level 5 in Armour
  4223 | D:5      | Noticed a wyvern
  4231 | D:5      | Killed a wyvern
  4231 | D:5      | Reached skill level 8 in Axes
  4231 | D:5      | Reached skill level 5 in Dodging
  4231 | D:5      | Reached XP level 8. HP: 70/70 MP: 7/7
  4556 | D:5      | Found a staircase to the Ecumenical Temple.
  4579 | Temple   | Entered the Ecumenical Temple
  5122 | D:6      | Found Nopp's Armour Shop.
  5194 | D:6      | Found a shattered altar of Ashenzari.
  5222 | D:6      | Reached skill level 9 in Axes
  5375 | D:6      | Found the +18 shield of the Gong {rElec rN+ MR+ EV-5}
  5750 | D:7      | Reached skill level 1 in Shields
  5758 | D:7      | Reached ***** piety under Trog
  5759 | D:7      | Reached XP level 9. HP: 70/79 MP: 8/8
  5884 | D:7      | Reached skill level 10 in Axes
  6656 | D:8      | Found a staircase to the Lair.
  6801 | D:8      | Received a gift from Trog
  7068 | D:8      | Noticed Psyche
  7074 | D:8      | Killed Psyche
  7074 | D:8      | Reached skill level 5 in Shields
  7149 | D:9      | Found a staircase to the Orcish Mines.
  7170 | D:9      | Reached XP level 10. HP: 88/88 MP: 9/9
  7198 | D:9      | Received a gift from Trog
  7445 | D:9      | Noticed Erica
  7490 | D:9      | Killed Erica
  7490 | D:9      | Reached skill level 11 in Axes
  7524 | D:9      | Got a warped whip
  7531 | D:9      | Noticed a two-headed ogre
  7543 | D:9      | Killed a two-headed ogre
  8220 | D:10     | Entered Level 10 of the Dungeon
  8427 | D:10     | Reached skill level 12 in Axes
  8918 | D:10     | Reached XP level 11. HP: 75/97 MP: 10/10
  8943 | D:10     | Received a gift from Trog
  9239 | D:11     | Noticed a tengu warrior
  9261 | D:11     | Killed a tengu warrior
  9286 | D:11     | Noticed a six-headed hydra
  9650 | D:10     | Killed a three-headed hydra
 10029 | D:11     | Reached skill level 13 in Axes
 10341 | Lair:1   | Entered Level 1 of the Lair of Beasts
 10369 | Lair:1   | Noticed a four-headed hydra
 10375 | Lair:1   | Reached skill level 10 in Fighting
 10392 | Lair:2   | HP: 1/99 [four-headed hydra (11)]
 10490 | Lair:1   | Reached skill level 10 in Shields
 10551 | Lair:2   | Reached XP level 12. HP: 48/106 MP: 11/11
 10607 | Lair:2   | Killed a one-headed hydra
 10661 | Lair:2   | Noticed Prince Ribbit
 10671 | Lair:2   | Killed Prince Ribbit
 10671 | Lair:2   | Reached skill level 10 in Armour
 10681 | Lair:2   | Received a gift from Trog
 10710 | Lair:1   | HP: 3/106 [blink frog (9)]
 11611 | Lair:2   | Noticed Harold
 11620 | Lair:2   | Killed Harold
 12094 | Lair:2   | Reached skill level 14 in Axes
 12246 | Lair:2   | Found a staircase to the Swamp.
 12687 | Lair:2   | Found a hole to the Spider Nest.
 12995 | Spider:1 | Entered Level 1 of the Spider Nest
 13590 | Lair:2   | Slain by a tarantella

Vault maps used:
D:1:      matt_arrival_refuge, st_stairs_6
D:2:      uniq_terence, uniq_natasha
D:3:      eat_drink_and_be_merry_uskayaw, nemelex_xobeh_ov_fountains_minmay,
          old_standard_altar, yredelemnul_altar_generic,
          nicolae_dithmenos_through_a_glass_darkly
D:4:      cheibrodos_sewer_entry_drain, minmay_shop_grid_forest
D:5:      temple_statues, first_ration
D:6:      serial_shops, nicolae_shop_statue_plus, serial_corexii_hall,
          corexii_hall_statues_i, corexii_hall_statues_t,
          cheibrodos_ashenzari_chains
D:7:      columned_hall_lemuel
D:8:      dpeg_oklobed_lair, uniq_psyche
D:9:      zombieorc2_lemuel, uniq_erica
Temple:   compressed_dpeg_circular_temple
Lair:2:   minmay_swamp_entry_worms, spider_nest_entry_webs, uniq_prince_ribbit2,
          uniq_harold
Spider:1: cheibrodos_forgotten_conduit, portal_ice_cave_entry_dragon,
          spider_trap, uniq_frances
Sewer:    sewer_co_scattered_pipes

Skill      XL: |  1  2  3  4  5  6  7  8  9 10 11 12 |
---------------+-------------------------------------+-----
Axes           | 4 5 6 8 9 10 12 13 14 | 14.2
Fighting       | 4 5 6 7 8 9 10 | 10.7
Armour         | 3 4 5 6 7 8 9 10 | 10.5
Dodging        | 3 4 5 6 7 9 |  9.6
Shields        | 2 5 8 10 11 | 11.4

Action                   |  1- 3 |  4- 6 |  7- 9 | 10-12 || total
-------------------------+-------+-------+-------+-------++-------
Melee: Hand axe          |    99 |   103 |       |       ||   202
       Headbutt          |    14 |    17 |    90 |   110 ||   231
       War axe           |       |     9 |   437 |   258 ||   704
       Scimitar          |       |       |       |   141 ||   141
       Battleaxe         |       |       |       |    96 ||    96
Invok: Berserk           |     3 |     5 |     7 |    17 ||    32
       Trog's Hand       |       |       |       |     2 ||     2
       Brothers in Arms  |       |       |       |     3 ||     3
Evoke: Wand              |       |       |       |     4 ||     4
  Use: Scroll            |       |       |     6 |    16 ||    22
       Potion            |       |       |     2 |    12 ||    14
 Stab: Sleeping          |     1 |       |       |       ||     1
  Eat: Chunk             |     4 |     8 |    15 |    11 ||    38
       Ration            |       |       |     3 |     8 ||    11
Armor: Animal skin       |     7 |       |       |       ||     7
       Scale mail        |    23 |     5 |       |       ||    28
       Chain mail        |       |    43 |   148 |   236 ||   427
Dodge: Dodged            |    71 |    49 |    84 |   179 ||   383
Block: Shield            |       |       |   214 |   759 ||   973
       Rpst.: Scimitar   |       |       |       |     4 ||     4

Table legend:
 A = Spawn XP
 B = Non-spawn XP
 C = Spawn XP percentage of total XP
 D = Spawn monster count
 E = Non-spawn monster count
 F = Spawn count percentage of total count
 G = Total turns spent on level
                    A         B        C        D         E        F      G
               +---------+---------+-------+---------+---------+-------+---------
         Total |       0 |   31667 |   0.0 |       0 |     432 |   0.0 | 13590
               +---------+---------+-------+---------+---------+-------+---------
           D:1 |       0 |      33 |   0.0 |       0 |      21 |   0.0 |   811
           D:2 |       0 |     194 |   0.0 |       0 |      30 |   0.0 |   875
           D:3 |       0 |      53 |   0.0 |       0 |      21 |   0.0 |   668
           D:4 |       0 |     580 |   0.0 |       0 |      29 |   0.0 |  1145
           D:5 |       0 |    1028 |   0.0 |       0 |      18 |   0.0 |   895
           D:6 |       0 |     574 |   0.0 |       0 |      18 |   0.0 |   613
           D:7 |       0 |    1394 |   0.0 |       0 |      41 |   0.0 |   740
           D:8 |       0 |    1077 |   0.0 |       0 |      22 |   0.0 |   966
           D:9 |       0 |    3240 |   0.0 |       0 |      51 |   0.0 |   871
          D:10 |       0 |    5137 |   0.0 |       0 |      54 |   0.0 |  1490
          D:11 |       0 |    4680 |   0.0 |       0 |      50 |   0.0 |   541
        Lair:1 |       0 |    2633 |   0.0 |       0 |      10 |   0.0 |  1212
        Lair:2 |       0 |    9004 |   0.0 |       0 |      38 |   0.0 |  1874
      Spider:1 |       0 |    1996 |   0.0 |       0 |       9 |   0.0 |   161
         Sewer |       0 |      44 |   0.0 |       0 |      20 |   0.0 |   643
               +---------+---------+-------+---------+---------+-------+---------
